AoeStats
← briantorresr25

Arena

510429734Analyzed
4v4 RM · 14h ago on Oct 1, 2026· 61m 26s· 8 players
Game mode
Random Map
Map size
Large (8 player)
Population
200
Speed
Normal
Resources
Standard
Victory
Conquest
Starting age
Dark Age
Ending age
Imperial Age
RankedLock teamsTeams togetherTeam positionsShared explorationLock speedFull tech treeHidden civsTurbo modeCheats
Victory
Defeat
🇺🇸 Celts · United States
1115
+13
🇺🇸 Poles · United States
1064
+15
🇩🇴 Romans · Dominican Republic
1064
+15
🇺🇸 Teutons · United States
1021
+17
🇨🇴 Celts · Colombia
1126
-18
🇨🇴 Khmer · Colombia
1067
-16
🇲🇽 Spanish · Mexico
995
-13
🇨🇱 Magyars · Chile
988
-13
NY-Radamantiz
10:36 Feudal Age
14:32 Castle Age
12:53 Double-Bit Axe
13:11 Horse Collar
15:51 Heavy Plow
16:06 Bow Saw
18:40 Loom
22:54 Wheelbarrow
23:42 Coinage
24:15 Gold Mining
24:44 Stone Mining
27:35 Stone Shaft Mining
27:28 Forging
27:23 Scale Barding Armor
28:47 Iron Casting
32:42 Imperial Age
30:19 Szlachta Privileges
30:56 Chain Barding Armor
30:41 Husbandry
30:52 Bloodlines
31:24 Light Cavalry
33:57 Crop Rotation
34:30 Blast Furnace
32:53 Winged Hussar
33:56 Conscription
34:48 Hand Cart
35:00 Lechitic Legacy
38:03 Hoardings
40:05 Chemistry
39:11 Siege Engineers
39:27 Ballistics
50:37 Banking
NY-judyelpesao
0:28 Loom
11:46 Feudal Age
16:20 Castle Age
14:37 Horse Collar
15:30 Double-Bit Axe
24:56 Heavy Plow
29:21 Wheelbarrow
29:59 Bow Saw
31:19 Hand Cart
34:56 Imperial Age
33:20 Fletching
35:04 Onager
35:13 Heavy Scorpion
36:18 Furor Celtica
46:27 Chemistry
54:23 Siege Engineers
NY-HENRY
0:26 Loom
11:03 Feudal Age
16:03 Castle Age
14:22 Horse Collar
15:07 Double-Bit Axe
16:57 Wheelbarrow
23:56 Bow Saw
25:07 Gold Mining
29:45 Imperial Age
27:27 Scale Barding Armor
28:24 Bloodlines
29:03 Chain Barding Armor
29:20 Forging
30:02 Cavalier
31:49 Plate Barding Armor
31:50 Iron Casting
33:48 Conscription
34:47 Blast Furnace
36:06 Two-Man Saw
35:37 Scale Mail Armor
35:16 Pikeman
35:57 Squires
36:28 Halberdier
38:03 Chain Mail Armor
37:45 Stone Mining
38:07 Paladin
52:07 Onager
54:29 Siege Engineers
55:25 Chemistry
adriel.fe1123
5:44 Loom
11:02 Feudal Age
16:09 Castle Age
14:59 Double-Bit Axe
15:07 Horse Collar
17:25 Bow Saw
20:08 Fletching
23:47 Heavy Plow
29:16 Imperial Age
29:14 Wheelbarrow
29:37 Ballistas
31:59 Chemistry
30:59 Bodkin Arrow
31:48 Hand Cart
32:22 Padded Archer Armor
31:53 Heavy Scorpion
32:54 Murder Holes
36:40 Squires
38:00 Man-at-Arms
40:28 Gold Mining
40:29 Stone Mining
43:26 Forging
43:32 Leather Archer Armor
43:17 Scale Mail Armor
43:23 Scale Barding Armor
43:51 Coinage
46:32 Long Swordsman
46:36 Pikeman
49:38 Banking
49:10 Legionary
50:53 Iron Casting
50:34 Chain Mail Armor
51:05 Ballistics
60:38 Blast Furnace
61:09 Ring Archer Armor
60:16 Capped Ram
61:23 Siege Ram
Dsaidm
11:32 Feudal Age
15:55 Castle Age
13:46 Double-Bit Axe
14:04 Horse Collar
17:19 Bow Saw
17:15 Loom
17:38 Heavy Plow
21:56 Stone Mining
21:56 Gold Mining
24:04 Wheelbarrow
24:38 Wheelbarrow
27:09 Hand Cart
29:59 Gold Shaft Mining
29:46 Fletching
29:56 Padded Archer Armor
30:16 Ballistics
30:42 Bloodlines
30:32 Husbandry
30:40 Scale Barding Armor
30:31 Bodkin Arrow
31:28 Corvinian Army
34:03 Imperial Age
34:15 Imperial Age
32:06 Leather Archer Armor
33:24 Chain Barding Armor
34:22 Thumb Ring
34:29 Pikeman
35:09 Scale Mail Armor
35:55 Heavy Cavalry Archer
36:39 Recurve Bow
35:59 Elite Magyar Huszar
36:40 Recurve Bow
36:01 Elite Magyar Huszar
36:41 Recurve Bow
36:02 Elite Magyar Huszar
36:25 Halberdier
40:03 Crossbowman
45:20 Chain Mail Armor
45:06 Bracer
45:36 Ring Archer Armor
45:42 Plate Barding Armor
45:27 Onager
52:20 Two-Man Saw
Starcrazy360
8:40 Feudal Age
9:06 Double-Bit Axe
17:22 Castle Age
30:24 Imperial Age
28:29 Fortified Wall
28:41 Ballistics
28:32 Masonry
28:29 Scale Mail Armor
29:13 Wheelbarrow
28:27 Loom
28:33 Horse Collar
29:29 Bow Saw
30:20 Heavy Plow
29:55 Pikeman
30:35 Squires
30:21 Arson
30:56 Chain Mail Armor
30:52 Forging
31:21 Hand Cart
32:43 Halberdier
33:58 Plate Mail Armor
34:03 Iron Casting
34:52 Conscription
34:44 Fletching
36:41 Scale Barding Armor
37:39 Blast Furnace
37:09 Bloodlines
36:20 Cavalier
37:34 Husbandry
38:55 Chain Barding Armor
38:02 Cavalier
39:12 Paladin
41:20 Plate Barding Armor
45:47 Light Cavalry
47:22 Hussar
DCB
11:25 Feudal Age
9:42 Loom
15:48 Castle Age
14:04 Double-Bit Axe
14:14 Man-at-Arms
15:15 Horse Collar
20:58 Heavy Plow
24:27 Wheelbarrow
26:52 Gold Mining
26:53 Stone Mining
27:17 Bow Saw
30:23 Imperial Age
28:53 Hand Cart
28:28 Town Watch
30:02 Pikeman
31:21 Ballistics
31:11 Fletching
31:22 Padded Archer Armor
32:21 Gold Shaft Mining
32:27 Stone Shaft Mining
31:47 Heavy Scorpion
31:50 Capped Ram
32:34 Bodkin Arrow
32:54 Leather Archer Armor
33:03 Caravan
34:53 Ring Archer Armor
34:34 Forging
34:25 Scale Mail Armor
35:11 Onager
37:37 Iron Casting
36:55 Halberdier
38:34 Gambesons
38:35 Arson
38:16 Siege Onager
45:34 Siege Engineers
45:39 Masonry
44:56 Siege Ram
49:28 Light Cavalry
50:09 Husbandry
50:15 Stronghold
50:46 Conscription
52:10 Long Swordsman
53:07 Chain Mail Armor
53:53 Blast Furnace
briantorresr25
10:40 Feudal Age
15:36 Castle Age
13:57 Double-Bit Axe
13:55 Horse Collar
21:40 Bow Saw
25:42 Ballistics
28:15 Imperial Age
27:02 Fortified Wall
26:48 Murder Holes
30:08 Chemistry
30:00 Wheelbarrow
29:10 Town Watch
30:56 Padded Archer Armor
30:46 Fletching
32:41 Hand Cart
32:30 Caravan
32:37 Double Crossbow
33:08 Town Patrol
33:30 Leather Archer Armor
33:10 Bodkin Arrow
33:19 Heavy Scorpion
33:25 Heavy Scorpion
34:15 Loom
35:54 Light Cavalry
36:45 Bloodlines
35:59 Elite Ballista Elephant
37:04 Heavy Plow
37:11 Bracer
38:46 Pikeman
40:46 Ring Archer Armor
40:15 Halberdier
42:48 Hussar
Connection lost

Rejoining the realm…

Still unreachable

The connection could not be restored.

Session expired

The server has moved on; the page needs a fresh start.